 Dungeon Crawl Stone Soup version 0.32-a0-898-g7811c86cf0 (webtiles) character file.

Game seed: 4672329079678326805

1911 Aldia the Cruncher (level 9, -7/68 HPs)
             Began as a Formicid Fighter on Apr 4, 2024.
             Was an Elder of Zin.
             Mangled by a cyclops (19 damage)
             ... on level 7 of the Dungeon.
             The game lasted 00:10:57 (6506 turns).

Aldia the Cruncher (Formicid Fighter)               Turns: 6506, Time: 00:10:57

Health: -7/68      AC: 17    Str: 24    XL:     9   Next: 38%
Magic:  13/13      EV:  8    Int:  9    God:    Zin [****..]
Gold:   267        SH: 13    Dex: 25    Spells: 8/8 levels left

rFire   . . .        a - +0 quarterstaff
rCold   . . .        v - +1 kite shield
rNeg    . . .        b - +0 scale mail
rPois   ∞            (helmet unavailable)
rElec   .            h - +2 cloak
rCorr   .            i - +2 pair of gloves
SInv    +            (no boots)
Will    .....        w - amulet of the acrobat
Stlth   +            n - +4 ring of protection
HPRegen 0.31/turn    j - +6 ring of dexterity
MPRegen 0.13/turn

%: acrobat
@: vitalised
A: permanent stasis, dig shafts and tunnels, antennae 3, four strong arms
a: Dig, Shaft Self, Renounce Religion, Recite, Vitalisation, Imprison, Donate
Gold


You were on level 7 of the Dungeon.
You worshipped Zin.
Zin was greatly pleased with you.
You visited 2 branches of the dungeon, and saw 8 of its levels.

You collected 368 gold pieces.
You spent 65 gold pieces at shops.
You donated 36 gold pieces to Zin.

Inventory:

Hand Weapons
 a - a +0 quarterstaff (weapon)
 F - a +0 dire flail of holy wrath
Missiles
 f - 2 curare-tipped darts
 y - 3 throwing nets
Armour
 b - a +0 scale mail (worn)
 e - a scarf of shadows
 h - a +2 cloak (worn)
 i - a +2 pair of gloves (worn)
 v - a +1 kite shield (worn)
Magical Staves
 k - a staff of earth
Jewellery
 j - a +6 ring of dexterity (right hand)
 n - a +4 ring of protection (left hand)
 w - an amulet of the acrobat (around neck)
 H - a ring of positive energy
 I - a ring of resist corrosion
Wands
 d - a wand of flame (23)
 D - a wand of roots (7)
Scrolls
 c - a scroll of noise {unknown}
 g - a scroll of revelation
 l - a scroll of enchant weapon {unknown}
 m - a scroll of poison {unknown}
 o - 2 scrolls of vulnerability
 s - a scroll of amnesia {unknown}
 u - a scroll of enchant armour
 A - a scroll of fear
Potions
 p - 3 potions of curing
 q - 2 potions of attraction
 r - a potion of cancellation
 t - a potion of mutation
 x - a potion of berserk rage {unknown}
 z - a potion of resistance {unknown}
 B - a potion of lignification {unknown}
 E - a potion of magic {unknown}
 G - a potion of might


   Skills:
 - Level 5.0 Fighting
 * Level 8.4 Staves
 - Level 4.2 Armour
 + Level 7.8 Shields
 + Level 5.6 Invocations


You had 8 spell levels left.
You didn't know any spells.
Your spell library contained the following spells:

 Spells                   Type           Power      Damage    Failure   Level
 Kiss of Death            Conj/Necr      0%         2d5       88%         1
 Slow                     Hex            0%         N/A       88%         1
 Confusing Touch          Hex            0%         N/A       99%         3
 Fugue of the Fallen      Necr           0%         N/A       99%         3
 Ozocubu's Armour         Ice            0%         N/A       99%         3
 Vampiric Draining        Necr           0%         2d6       99%         3
 Dispel Undead            Necr           0%         3d6       100%        4
 Manifold Assault         Tloc           0%         N/A       100%        7


Dungeon Overview and Level Annotations

Branches:
Dungeon (7/15)             Temple (1/1) D:5

Altars:
Ashenzari
Dithmenos
Elyvilon
Fedhas
Gozag
Hepliaklqana
Kikubaaqudgha
Makhleb
Nemelex Xobeh
Okawaru
Sif Muna
Trog
Uskayaw
Vehumet
Wu Jian
Xom
Yredelemnul
Zin
The Shining One

Shops:
D:6 *!

Annotations:
D:4 3 runed translucent doors, Griffin23's ghost, amateur MiFi


Innate Abilities, Weirdness & Mutations

You cannot be hasted, slowed, berserked, paralysed or teleported.
You can dig through walls and to a lower floor.
You have a pair of large antennae on your head. (SInv)
Your four strong arms can wield two-handed weapons with a shield.


Message History

The hornet stings you but does no damage.
You block the hornet's attack.
You hit the hornet.
The hornet is lightly wounded.
The hornet stings you but does no damage.
You block the cyclops's attack.
You thump the hornet!
The hornet is heavily wounded.
You block the hornet's attack. You block the cyclops's attack.
You block the hornet's attack.
You sock the hornet!
The hornet is severely wounded.
You block the hornet's attack. The cyclops hits you!!
You hit the hornet.
The hornet is almost dead.
You block the hornet's attack. The hornet stings you!
* * * LOW HITPOINT WARNING * * *
Your divine stamina protects you from poison!
You feel much better. You block the hornet's attack. The cyclops hits you!
You hit the hornet.
You kill the hornet!
The cyclops hits you!
* * * LOW HITPOINT WARNING * * *
Unknown command.
You hit the cyclops.
The cyclops is lightly wounded.
You feel much better. The cyclops hits you.
You sock the cyclops!
The cyclops is moderately wounded.
You block the cyclops's attack.
You sock the cyclops!
The cyclops is severely wounded.
You hit the cyclops.
The cyclops is almost dead.
The cyclops hits you!
* * * LOW HITPOINT WARNING * * *
You hit the cyclops but do no damage.
The cyclops is almost dead.
The cyclops hits you!!
You die...

#### #.. #...# ##.##
..##...## ....#####
........### ........##
..........##
.#.......##..#.^......#
#####......###........#
##.......##..C....#
##.........@..##
#.#...........#
####..........#
##........##
#########.....#..#
#.............#...#
##........)##..#..<#
#..........##..#####
##......####....#####


You could see a cyclops.

Vanquished Creatures
  A hornet (D:7)
  Edmund (D:6)
  A sky beast (D:6)
  4 ogres
  An ice beast (D:6)
  A centaur (D:6)
  A kobold brigand (D:5)
  3 scorpions
  2 bombardier beetles
  3 hounds
  An orc priest (D:4)
  2 jellies (D:6)
  A sleepcap (D:6)
  Jessica (D:2)
  3 orc wizards (D:4)
  An iguana (D:6)
  Robin (D:2)
  14 gnolls
  7 adders
  A white imp (D:7)
  2 dart slugs
  3 ribbon worms
  17 orcs
  2 bats (D:2)
  9 endoplasms
  5 giant cockroaches
  15 goblins
  10 hobgoblins
  3 jackals (D:1)
  2 quokkas
  6 ball pythons
  4 frilled lizards
  12 kobolds
  4 rats
144 creatures vanquished.

Notes
Turn   | Place    | Note
-------+----------+-------------------------------------------
     0 | D:1      | Aldia the Formicid Fighter began the quest for the Orb.
     0 | D:1      | Reached XP level 1. HP: 18/18 MP: 1/1
   228 | D:1      | Reached XP level 2. HP: 24/24 MP: 2/2
   272 | D:1      | Found a faded altar of an unknown god.
   960 | D:1      | Reached XP level 3. HP: 29/29 MP: 3/3
  1123 | D:2      | Reached skill level 3 in Staves
  1175 | D:2      | Noticed Robin
  1182 | D:2      | Reached XP level 4. HP: 37/37 MP: 4/4
  1200 | D:2      | Killed Robin
  1494 | D:2      | Noticed Jessica
  1502 | D:2      | Killed Jessica
  1503 | D:2      | Reached XP level 5. HP: 41/42 MP: 5/5
  1880 | D:3      | Found a broken altar of Ashenzari.
  1972 | D:3      | Identified the +7 dagger "Xan Gurgh" {freeze, rElec}
  2182 | D:3      | Found a faded altar of an unknown god.
  2182 | D:3      | Found an ancient bone altar of Kikubaaqudgha.
  2189 | D:3      | Found a shadowy altar of Dithmenos.
  2195 | D:3      | Found a faded altar of an unknown god.
  2197 | D:3      | Found a hide-covered altar of Uskayaw.
  2376 | D:3      | Reached skill level 4 in Staves
  2622 | D:3      | Prayed at the altar of an unknown god.
  2622 | D:3      | Became a worshipper of Zin the Law-Giver
  2622 | D:3      | Reached * piety under Zin
  2622 | D:3      | Reached ** piety under Zin
  2663 | D:4      | Noticed an ogre
  2679 | D:4      | Killed an ogre
  2680 | D:4      | Reached XP level 6. HP: 11/49 MP: 6/6
  2961 | D:4      | Reached skill level 1 in Invocations
  3154 | D:4      | Reached skill level 5 in Staves
  3194 | D:4      | Found a runed translucent gate.
  3194 | D:4      | Found a runed translucent gate.
  3201 | D:4      | Found a runed translucent gate.
  3201 | D:4      | Noticed Griffin23's ghost (amateur MiFi)
  3248 | D:4      | Reached XP level 7. HP: 50/55 MP: 8/8
  3262 | D:4      | Identified the staff "Brush" {rF+ Str+3 Dex+2 Fire}
  3321 | D:4      | Reached skill level 5 in Shields
  3530 | D:5      | Entered Level 5 of the Dungeon
  3887 | D:5      | Reached skill level 6 in Staves
  3887 | D:5      | Reached XP level 8. HP: 57/61 MP: 10/10
  3979 | D:5      | Reached *** piety under Zin
  4198 | D:5      | Found a staircase to the Ecumenical Temple.
  4231 | Temple   | Entered the Ecumenical Temple
  4541 | D:6      | Found Seadit's Distillery.
  4550 | D:6      | Bought a potion of heal wounds for 65 gold pieces
  4752 | D:6      | Found Doompa's Desiderata Depot.
  4752 | D:6      | Noticed Edmund
  4769 | D:6      | Killed Edmund
  5032 | D:6      | Reached skill level 7 in Staves
  5533 | D:6      | Reached **** piety under Zin
  5601 | D:6      | Reached XP level 9. HP: 51/67 MP: 12/12
  5619 | D:6      | Reached skill level 5 in Fighting
  5782 | D:6      | Reached skill level 5 in Invocations
  6220 | D:7      | Reached skill level 8 in Staves
  6405 | D:7      | Found a glowing golden altar of the Shining One.
  6484 | D:7      | Noticed a cyclops
  6486 | D:7      | Noticed a hornet
  6500 | D:7      | Killed a hornet
  6506 | D:7      | Mangled by a cyclops

Illustrated notes

Levels and vault maps discovered:
D:1:      amcnicky_arrival_choice, layout_basic,
          hellmonk_ecumenical_altar_dog_temple
D:2:      minmay_skewed_foursquare, layout_rooms, uniq_robin, uniq_jessica
D:3:      minmay_wonky_spiral, layout_loops_ring, nicolae_ashenzari_skybound,
          chequers_temple_overflow_minitemple
D:4:      layout_basic, gammafunk_ghost_necromancy, chequers_arboretum
D:5:      layout_basic, minmay_temple_entry_overgrown,
          hangedman_abyss_or_decor_lesser_grid
D:6:      layout_layer_cave, serial_shops, shop, nicolae_alphabet_shops,
          uniq_edmund
D:7:      layout_cave_pools, nicolae_tso_carved_into_rock, grunt_ministairs_10,
          roderic_lattice_a
Temple:   nicolae_temple_bog_church

Skill      XL: |  1  2  3  4  5  6  7  8  9 |
---------------+----------------------------+-----
Staves         | 3 4 5 6 7 8 |  8.4
Armour         | 4 |  4.2
Fighting       | 4 5 |  5.0
Invocations    | 1 3 4 5 |  5.6
Shields        | 5 7 |  7.8

Action                     |  1- 3 |  4- 6 |  7- 9 || total
---------------------------+-------+-------+-------++-------
  Melee: Quarterstaff      |    88 |   160 |   270 ||   518
 Invoke: Vitalisation      |       |       |     1 ||     1
    Use: Potion            |       |     2 |     3 ||     5
         Scroll            |       |     4 |     6 ||    10
 Armour: Scale mail        |    58 |   106 |   203 ||   367
  Dodge: Dodged            |    40 |    67 |    88 ||   195
  Block: Buckler           |    26 |    50 |     6 ||    82
         Kite shield       |       |       |   204 ||   204

Table legend: (Time is in decaauts)
 A = Elapsed time spent in this place.
 B = Non-inter-level travel time spent in this place.
 C = Inter-level travel time spent in this place.
 D = Time resting spent in this place.
 E = Time spent auto-exploring this place.
 F = Levels seen in this place.
 G = Mean time per level.
                   A        B        C        D        E       F      G
               +--------+--------+--------+--------+--------+-----+--------+
         Total |   6562 |   6174 |    388 |      0 |   4936 |   8 |  820.2 |
       Dungeon |   6560 |   6172 |    388 |      0 |   4936 |   7 |  937.1 |
        Temple |      1 |      1 |      0 |      0 |      0 |   1 |    1.0 |
               +--------+--------+--------+--------+--------+-----+--------+

Top non-repeatable levels by time:
     D:6: 1504 daAuts
     D:3: 1146 daAuts
     D:5: 1021 daAuts
     D:1: 1007 daAuts
     D:4: 855 daAuts
     D:2: 559 daAuts
     D:7: 465 daAuts
  Temple: 1 daAuts
